 Dungeon Crawl Stone Soup version 0.28-a0-247-gb8bfbab023 (webtiles) character file.

Game seed: 2586525063116847616

858 bande the Covered (level 8, -3/48 HPs)
             Began as a Gargoyle Fighter on Aug 26, 2021.
             Slain by Eustachio (8 damage)
             ... on level 5 of the Dungeon.
             The game lasted 00:09:25 (5232 turns).

bande the Covered (Gargoyle Fighter)                Turns: 5232, Time: 00:09:27

Health: -3/48      AC: 14    Str: 20      XL:     8   Next: 2%
Magic:  8/8        EV:  7    Int: 10      God:
Gold:   131        SH:  9    Dex:  9 (10) Spells: 6/7 levels left

rFire   . . .      SeeInvis .   a - +0 war axe
rCold   . . .      Faith    .   c - +1 kite shield
rNeg    + . .      Spirit   .   b - +0 scale mail
rPois   ∞          Reflect  .   h - +0 helmet
rElec   +          Harm     .   (no cloak)
rCorr   +          Rampage  .   (no gloves)
Will    .....                   (no boots)
Stlth   ..........              (no amulet)
HPRegen 0.16/turn               e - ring of resist corrosion
MPRegen 0.11/turn               (no ring)

@: no status effects
A: sickness immunity, AC +5, negative energy resistance 1, electricity
resistance, torment resistance 1, petrification resistance
a: no special abilities


You were on level 5 of the Dungeon.
You visited 1 branch of the dungeon, and saw 5 of its levels.

You collected 131 gold pieces.

Inventory:

Hand Weapons
 a - a +0 war axe (weapon)
 q - a +0 flail
Armour
 b - a +0 scale mail (worn)
 c - a +1 kite shield (worn)
 h - a +0 helmet (worn)
Jewellery
 e - a ring of resist corrosion (left hand)
 p - a ring of wizardry
Wands
 j - a wand of acid (9)
 s - a wand of mindburst (16)
Scrolls
 l - a scroll of teleportation {unknown}
 o - a scroll of enchant weapon {unknown}
 t - a scroll of identify
Potions
 d - 2 potions of might
 f - a potion of heal wounds
 g - 2 potions of brilliance
 i - a potion of invisibility
 k - a potion of haste {unknown}
 m - a potion of magic {unknown}
 n - a potion of curing {unknown}
 r - a potion of degeneration {unknown}


   Skills:
 + Level 4.4 Fighting
 + Level 5.0 Axes
 + Level 5.1 Armour
 + Level 4.7 Shields
 * Level 3.0 Translocations
 * Level 1.8 Evocations


You had 6 spell levels left.
You knew the following spells:

 Your Spells              Type           Power      Damage    Failure   Level
a - Apportation           Tloc           12%        N/A       75%         1

Your spell library contained the following spells:

 Spells                   Type           Power      Damage    Failure   Level
 Animate Skeleton         Necr           0%         N/A       98%         1
 Corona                   Hex            0%         N/A       98%         1
 Magic Dart               Conj           0%         1d3       98%         1
 Summon Small Mammal      Summ           0%         N/A       98%         1
 Searing Ray              Conj           0%         3d3       99%         2
 Portal Projectile        Hex/Tloc       6%         N/A       99%         3
 Call Canine Familiar     Summ           0%         N/A       100%        3
 Conjure Flame            Conj/Fire      0%         6-21      100%        3
 Ignite Poison            Fire/Tmut/Pois 0%         N/A       100%        3
 Fulminant Prism          Conj/Hex       0%         3d6       100%        4
 Leda's Liquefaction      Hex/Erth       0%         N/A       100%        4
 Sticky Flame             Conj/Fire      0%         2d3       100%        4


Dungeon Overview and Level Annotations

Branches:
Dungeon (4/15)
 Temple: D:4-7

Altars:
Fedhas
Trog
Yredelemnul

Shops:
D:3 =

Annotations:
D:5 Eustachio


Innate Abilities, Weirdness & Mutations

You are immune to sickness and miasma.
Your stone body is resilient. (AC +5)
You are immune to poison.
You resist negative energy. (rN+)
You are resistant to electric shocks. (rElec)
You are resistant to unholy torment.
You are immune to petrification.


Message History

The quasit claws you but does no damage. x2
You block the quokka's attack.
The crimson imp hits you but does no damage.
Unknown command.
You closely miss the crimson imp. You closely miss the quokka.
You closely miss the river rat. You hit the ufetubus.
You kill the ufetubus!
You closely miss the quasit. You block the bat's attack.
The bat hits you but does no damage. The quasit bites you.
* * * LOW HITPOINT WARNING * * *
You feel clumsy.
The quasit claws you but does no damage.
The quasit barely misses you.
The quokka bites you but does no damage.
The river rat bites you.
* * * LOW HITPOINT WARNING * * *
Eustachio growls, "To hell with you, honourless miscreant!"
The crimson imp closely misses you. The quasit bites you.
* * * LOW HITPOINT WARNING * * *
The quasit closely misses you.
The quasit claws you but does no damage.
You block the bat's attack. The bat hits you but does no damage.
Eustachio gestures wildly while chanting.
Eustachio blinks!
The river rat bites you.
* * * LOW HITPOINT WARNING * * *
The quokka bites you but does no damage.
You miss Eustachio.
Eustachio is lightly wounded.
You hit the quokka. You hit the crimson imp. You barely miss the river rat.
You slash the bat!
You kill the bat!
The bat's corpse disappears in a puff of smoke!
The bat hits you but does no damage.
Eustachio zaps a wand.
The puff of flame hits you.
* * * LOW HITPOINT WARNING * * *
You block the river rat's attack.
The crimson imp hits you but does no damage.
You block the quokka's attack. The river rat barely misses you.
Eustachio hits you with a +0 falchion!
You die...

#...........
#....$........
#.............
##.............
#>.............
#..............
#..............
#..5r5.......$.
#..r@..........
#...b@.........
###.............
.................
#.....###.########
#..... #.# .......
#†# ##..... #.#
#..... #.#


You could see Eustachio, a quasit (summoned), a crimson imp (summoned), a river
rat (summoned), a quokka (summoned) and a bat (summoned).

Vanquished Creatures
  Grinder (D:4)
  An orc warrior (D:4)
  A black bear (D:5)
  A necrophage (D:4)
  A scorpion (D:4)
  A bullfrog zombie (D:5)
  An orc priest (D:4)
  A jelly (D:3)
  A hound (D:4)
  An orc wizard (D:4)
  A scorpion zombie (D:4)
  Robin (D:2)
  6 adders
  An ufetubus (D:5)
  An adder zombie (D:3)
  2 worms
  2 dart slugs
  9 orcs
  5 ball pythons
  2 bats (D:1)
  6 endoplasms
  6 giant cockroaches
  8 goblins
  8 hobgoblins
  5 quokkas
  6 frilled lizards
  4 kobolds
  12 rats
95 creatures vanquished.

Vanquished Creatures (others)
  4 toadstools (D:2)
4 creatures vanquished.

Grand Total: 99 creatures vanquished

Notes
Turn   | Place    | Note
-------+----------+-------------------------------------------
     0 | D:1      | bande the Gargoyle Fighter began the quest for the Orb.
     0 | D:1      | Reached XP level 1. HP: 14/14 MP: 1/1
   118 | D:1      | Reached XP level 2. HP: 19/19 MP: 2/2
   247 | D:1      | Found a faded altar of an unknown god.
   823 | D:1      | Learned a level 1 spell: Apportation
   924 | D:1      | Reached XP level 3. HP: 19/24 MP: 3/3
  1716 | D:2      | Noticed Robin
  1722 | D:2      | Reached XP level 4. HP: 25/29 MP: 4/4
  1730 | D:2      | Killed Robin
  2065 | D:2      | Reached skill level 1 in Translocations
  2892 | D:3      | Found a bloodstained altar of Trog.
  3067 | D:3      | Reached XP level 5. HP: 33/33 MP: 5/5
  3197 | D:3      | Found a blossoming altar of Fedhas.
  3665 | D:3      | Found Qewi Dang's Jewellery Shoppe.
  4262 | D:4      | Noticed a necrophage
  4269 | D:4      | Killed a necrophage
  4270 | D:4      | Reached XP level 6. HP: 36/38 MP: 6/6
  4311 | D:4      | Found a basalt altar of Yredelemnul.
  4417 | D:4      | Noticed Grinder
  4424 | D:4      | Paralysed by Grinder for 6 turns
  4434 | D:4      | Paralysed by Grinder for 5 turns
  4457 | D:4      | Killed Grinder
  4458 | D:4      | Reached skill level 1 in Evocations
  4458 | D:4      | Reached XP level 7. HP: 23/43 MP: 7/7
  4652 | D:4      | Reached skill level 5 in Armour
  5076 | D:4      | You fall into a shaft and drop 1 floor!
  5076 | D:5      | Entered Level 5 of the Dungeon
  5077 | D:5      | Noticed Eustachio
  5131 | D:5      | Reached skill level 5 in Axes
  5131 | D:5      | Reached XP level 8. HP: 20/48 MP: 8/8
  5232 | D:5      | Slain by Eustachio

Illustrated notes

Levels and vault maps discovered:
D:1:      psy_arrival_radial02, layout_loops_ring,
          hellmonk_ecumenical_altar_leap_of_faith
D:2:      layout_basic, minmay_misc_feat_tiny, minmay_gold_behind_fungi,
          uniq_robin
D:3:      layout_loops_ring, mainiacjoe_overflow_paths, lemuel_crystal_altar,
          serial_shops, nicolae_lakefront_shop, kennysheep_cross_bottleneck,
          minmay_surrounded
D:4:      layout_basic, nicolae_overflow_crystal_walls,
          minmay_fractal_squares_5, uniq_grinder
D:5:      layout_basic, kennysheep_donut, uniq_eustachio

Skill      XL: |  1  2  3  4  5  6  7 |
---------------+----------------------+-----
Axes           | 2 3 4 5 |  5.0
Translocations | 1 2 3 |  3.0
Armour         | 4 5 |  5.1
Fighting       | 4 |  4.4
Shields        | 4 |  4.7
Evocations     | 1 |  1.8

Action                   |  1- 3 |  4- 6 |  7- 9 || total
-------------------------+-------+-------+-------++-------
Melee: War axe           |   124 |   155 |   154 ||   433
  Use: Scroll            |     4 |     1 |       ||     5
       Potion            |     1 |       |     1 ||     2
Armor: Scale mail        |    73 |    93 |   159 ||   325
Dodge: Dodged            |    36 |    47 |    89 ||   172
Block: Kite shield       |    56 |    94 |   122 ||   272

Table legend: (Time is in decaauts)
 A = Elapsed time spent in this place.
 B = Non-inter-level travel time spent in this place.
 C = Inter-level travel time spent in this place.
 D = Time resting spent in this place.
 E = Time spent auto-exploring this place.
 F = Levels seen in this place.
 G = Mean time per level.
                   A        B        C        D        E       F      G
               +--------+--------+--------+--------+--------+-----+--------+
         Total |   5469 |   5263 |    206 |    947 |   3242 |   5 | 1093.8 |
       Dungeon |   5469 |   5263 |    206 |    947 |   3242 |   5 | 1093.8 |
               +--------+--------+--------+--------+--------+-----+--------+

Top non-repeatable levels by time:
     D:2: 1485 daAuts
     D:3: 1353 daAuts
     D:4: 1286 daAuts
     D:1: 1134 daAuts
     D:5: 209 daAuts
